 Dungeon Crawl Stone Soup version 0.31-a0-240-gb923e448b6 (webtiles) character file.

Game seed: 6973172693104253921

95 qw the Shooter (level 4, 0/27 HPs)
             Began as a Gargoyle Hexslinger on July 11, 2023.
             Slain by a goblin
             ... wielding a +0 dagger
             ... led by Robin
              (2 damage)
             ... on level 3 of the Dungeon.
             The game lasted 00:00:39 (1879 turns).

qw the Shooter (Gargoyle Hexslinger)                Turns: 1879, Time: 00:00:40

Health: 0/27       AC:  7    Str: 12    XL:     4   Next: 65%
Magic:  5/5        EV: 11    Int: 13    God:
Gold:   87         SH:  0    Dex: 14    Spells: 4/5 levels left

rFire   . . .        Y - +1 sling
rCold   . . .        (no shield)
rNeg    + . .        j - +0 leather armour
rPois   inf          e - +0 helmet
rElec   +            (no cloak)
rCorr   .            (no gloves)
SInv    .            (no boots)
Will    +....        (no amulet)
Stlth   +            f - ring of willpower
HPRegen 0.24/turn    (no ring)
MPRegen 0.09/turn

%: no passive effects
@: no status effects
A: sickness immunity, AC +3, negative energy resistance 1, electricity
resistance, torment resistance 1, petrification resistance
a: no special abilities


You were on level 3 of the Dungeon.
You visited 1 branch of the dungeon, and saw 3 of its levels.

You collected 87 gold pieces.


Innate Abilities, Weirdness & Mutations

You are immune to sickness and miasma.
Your stone body is resilient. (AC +3)
You are immune to poison.
You resist negative energy. (rN+)
You are resistant to electric shocks. (rElec)
You are resistant to unholy torment.
You are immune to petrification.


   Skills:
 - Level 2.6 Fighting
 + Level 4.1 Ranged Weapons
 - Level 1.5 Dodging
 - Level 1.0 Spellcasting
 - Level 2.6 Hexes


You had 4 spell levels left.
You knew the following spells:

 Your Spells              Type           Power      Damage    Failure   Level
a - Slow                  Hex            28%        N/A       12%         1

Your spell library contained the following spells:

 Spells                   Type           Power      Damage    Failure   Level
 Inner Flame              Hex/Fire       4%         N/A       52%         3
 Portal Projectile        Hex/Tloc       8%         N/A       52%         3
 Cause Fear               Hex            3%         N/A       75%         4

Inventory:

Hand Weapons
 Y - a +1 sling (weapon)
Armour
 e - a +0 helmet (worn)
 j - a +0 leather armour (worn)
Jewellery
 d - a ring of fire
 f - a ring of willpower (left hand)
Scrolls
 a - a scroll of identify
Potions
 b - a potion of brilliance {unknown}
 c - 2 potions of haste {unknown}
 h - a potion of degeneration {unknown}

Dungeon Overview and Level Annotations

Branches:
Dungeon (3/15)

Altars:

Annotations:
D:3 Ijyb


Message History

The sling bullet barely misses the adder.
Robin hits you but does no damage. The goblin hits you with a +0 dagger.
You shoot a sling bullet. The sling bullet hits Robin.
Robin is severely wounded.
The goblin hits you but does no damage.
You shoot a sling bullet.
The sling bullet hits Robin but does no damage.
Robin is severely wounded.
The goblin no longer looks unusually strong. x2
The goblin hits you with a +0 dagger.
You shoot a sling bullet. The sling bullet hits Robin.
You kill Robin!
The goblin no longer looks unusually strong.
The goblin hits you with a +0 dagger. The adder bites you but does no damage.
Your Ranged Weapons skill increases to level 4!
You shoot a sling bullet. The sling bullet hits the adder.
The adder is lightly wounded.
The goblin hits you with a +0 dagger. The adder bites you but does no damage.
The goblin hits you but does no damage.
You shoot a sling bullet.
The sling bullet closely misses the adder.
The sling bullet hits the goblin.
The goblin is heavily wounded.
The adder bites you. The adder completely misses you.
The goblin hits you but does no damage.
You shoot a sling bullet. The sling bullet misses the adder.
The sling bullet hits the goblin but does no damage.
The goblin is heavily wounded.
The adder bites you. The goblin closely misses you.
The adder bites you but does no damage.
You shoot a sling bullet.
The sling bullet barely misses the adder.
The sling bullet misses the goblin.
The goblin barely misses you. The adder bites you but does no damage.
You shoot a sling bullet.
The sling bullet barely misses the adder.
The sling bullet hits the goblin.
You kill the goblin!
The adder bites you but does no damage. The goblin hits you with a +0 dagger.
You die...

.......####.# #####
.#####.#....######### ##)..##
.#####..............#####.....#
.##.........###...#...........#
.##.##......##...(.######.....#
.##.##......###...## ##...##
.......###### ##.## ##.##
###.#### #g# #.# #.# #@#
######.## #.# #S# #.......##
#.# .)g #.#####..## #.# ..%..
#.# #...# #.# ....... #(# #..<#
#.# .........#.# #...## #..
+....)....+.#####.....
#.........#.......#.##
###.#.#.#.#


You could see an adder and 2 goblins.

Vanquished Creatures
  Natasha (D:2)
  Robin (D:3)
  An adder (D:2)
  A river rat (D:3)
  A dart slug (D:2)
  3 endoplasms
  A giant cockroach (D:3)
  9 goblins
  4 hobgoblins
  4 ball pythons
  5 bats
  2 frilled lizards (D:2)
  3 kobolds (D:1)
  4 rats
40 creatures vanquished.

Notes
Turn   | Place    | Note
-------+----------+-------------------------------------------
     0 | D:1      | qw the Gargoyle Hexslinger began the quest for the Orb.
     0 | D:1      | Reached XP level 1. HP: 12/12 MP: 2/2
     0 | D:1      | 0 ||| qw: Version: 0.3-a-52-g30416fa
     0 | D:1      | 0 ||| qw: Game counter: 6036
     0 | D:1      | 0 ||| qw: Melee chars always use a shield: true
     0 | D:1      | 0 ||| qw: God list: Okawaru
     0 | D:1      | 0 ||| qw: Allow faded altars: false
     0 | D:1      | 0 ||| qw: Do Orc after clearing Dungeon:15 true
     0 | D:1      | 0 ||| qw: Do second Lair branch before Depths: true
     0 | D:1      | 0 ||| qw: Lair rune preference: random
     0 | D:1      | 0 ||| qw: Goals: Normal
     0 | D:1      | 0 ||| PLANNING D:1-11
   384 | D:1      | Reached XP level 2. HP: 16/16 MP: 3/3
   899 | D:1      | Found a faded altar of an unknown god.
   969 | D:1      | 969 ||| UPGRADING to +0 helmet.
   974 | D:1      | 974 ||| UPGRADING to +0 leather armour.
   984 | D:1      | 984 ||| DROPPING +0 robe.
   985 | D:1      | 985 ||| UPGRADING to ring of willpower.
   986 | D:1      | 986 ||| READING 3 scrolls labelled ZEMYPOACEDGH.
   987 | D:1      | 987 ||| READING 2 scrolls of identify.
   987 | D:1      | 987 ||| IDENTIFYING inky potion
   988 | D:1      | 988 ||| DROPPING scroll of poison.
  1084 | D:2      | Reached skill level 3 in Ranged Weapons
  1141 | D:2      | Noticed Natasha
  1153 | D:2      | Killed Natasha
  1154 | D:2      | Reached XP level 3. HP: 22/22 MP: 4/4
  1383 | D:2      | Reached XP level 4. HP: 27/27 MP: 5/5
  1588 | D:2      | 1588 ||| READING scroll labelled BITZOJ MUMIY.
  1589 | D:2      | 1589 ||| READING scroll labelled JOIBIH SUIVIGI.
  1601 | D:3      | 1601 ||| PLANNING SEWER
  1762 | D:3      | Noticed Ijyb
  1772 | D:3      | HP: 5/27 [constriction (3)]
  1773 | D:3      | 1773 ||| READING scroll of teleportation.
  1774 | D:3      | 1774 ||| DRINKING potion of heal wounds.
  1858 | D:3      | Noticed Robin
  1874 | D:3      | Killed Robin
  1875 | D:3      | Reached skill level 4 in Ranged Weapons
  1875 | D:3      | HP: 5/27 [goblin/+0 dagger[Robin] (2)]
  1877 | D:3      | HP: 2/27 [adder (2)]
  1879 | D:3      | Slain by a goblin

Levels and vault maps discovered:
D:1:      kilobyte_arrival_exit_the_forest, layout_loops_corners,
          hellmonk_ecumenical_altar_inner_sanctum, kennysheep_decorative_pillar
D:2:      layout_basic, kennysheep_generic_room_11, uniq_natasha
D:3:      layout_loops_corners, old_standard_altar, amcnicky_altar_gilded,
          portal_sewer_entry_b, minivault_14, uniq_grinder, uniq_robin,
          uniq_ijyb, uniq_sigmund

Skill      XL: |  1  2  3  4 |
---------------+-------------+-----
Ranged Weapons | 3 4 |  4.1
Fighting       | 2 |  2.6
Dodging        | |  1.5
Spellcasting   | |  1.0
Hexes          | |  2.6

Action                     |  1- 3 |  4- 6 || total
---------------------------+-------+-------++-------
   Fire: Sling             |   103 |    59 ||   162
    Use: Scroll            |     2 |     3 ||     5
         Potion            |       |     1 ||     1
 Armour: Skin              |    11 |       ||    11
         Robe              |     6 |       ||     6
         Leather armour    |    12 |    24 ||    36
  Dodge: Dodged            |    33 |    20 ||    53

Table legend:
 A = Non-vault XP
 B = Vault XP
 C = Vault XP percentage of total XP
 D = Non-vault monster count
 E = Vault monster count
 F = Vault count percentage of total count
                 A         B        C        D         E       F
            +---------+---------+-------+---------+---------+-------
      Total |      52 |      86 |  62.3 |      25 |      15 |  37.5
            +---------+---------+-------+---------+---------+-------
        D:1 |      18 |       0 |   0.0 |      12 |       0 |   0.0
        D:2 |      29 |      38 |  56.7 |      10 |       3 |  23.1
        D:3 |       5 |      48 |  90.6 |       3 |      12 |  80.0
            +---------+---------+-------+---------+---------+-------
